 Dungeon Crawl Stone Soup version 0.30-a0-165-g1891117ce2 (webtiles) character file.

Game seed: 6604962559296361258

297 qw the Shield-Bearer (level 6, -5/37 HPs)
             Began as a Gargoyle Fighter on Sept 28, 2022.
             Killed by divine providence
             ... invoked by an orc priest
              (12 damage)
             ... on level 4 of the Dungeon.
             The game lasted 00:01:22 (3564 turns).

qw the Shield-Bearer (Gargoyle Fighter)             Turns: 3564, Time: 00:01:23

Health: -5/37      AC: 12    Str: 22    XL:     6   Next: 35%
Magic:  6/6        EV:  6    Int:  8    God:
Gold:   206        SH: 12    Dex:  9    Spells: 5/5 levels left

rFire   . . .      SeeInvis .    Y - +0 war axe (chaos)
rCold   . . .      Faith    .    o - +0 tower shield
rNeg    + . .      Spirit   .    b - +0 scale mail
rPois   inf        Reflect  .    h - +0 helmet
rElec   +          Harm     .    (no cloak)
rCorr   .          Rampage  .    (no gloves)
Will    .....                    (no boots)
Stlth   ..........               (no amulet)
HPRegen 0.12/turn                (no ring)
MPRegen 0.10/turn                (no ring)

@: no status effects
A: sickness immunity, AC +4, negative energy resistance 1, electricity
resistance, torment resistance 1, petrification resistance
a: no special abilities


You were on level 4 of the Dungeon.
You visited 1 branch of the dungeon, and saw 4 of its levels.

You collected 206 gold pieces.


Innate Abilities, Weirdness & Mutations

You are immune to sickness and miasma.
Your stone body is resilient. (AC +4)
You are immune to poison.
You resist negative energy. (rN+)
You are resistant to electric shocks. (rElec)
You are resistant to unholy torment.
You are immune to petrification.


   Skills:
 - Level 3.2 Fighting
 - Level 4.9 Axes
 - Level 3.2 Armour
 + Level 5.1 Shields


You had 5 spell levels left.
You didn't know any spells.
Your spell library was empty.

Inventory:

Hand Weapons
 e - a +0 flail
 Y - a +0 war axe of chaos (weapon)
Missiles
 m - a boomerang (quivered)
Armour
 b - a +0 scale mail (worn)
 h - a +0 helmet (worn)
 o - a +0 tower shield (worn)
Scrolls
 a - 2 scrolls of identify
 c - a scroll of amnesia {unknown}
Potions
 d - a potion of might
 f - 2 potions of haste
 j - a potion of curing
 k - a potion of lignification {unknown}
 p - a potion of heal wounds {unknown}

Dungeon Overview and Level Annotations

Branches:
Dungeon (4/15)
 Temple: D:4-7

Altars:
Ashenzari

Annotations:
D:4 2 runed translucent doors


Message History

Enter note: You hit the ball python.
The ball python is poisoned.
The ball python is moderately wounded.
You block the ball python's attack. The ball python constricts you.
You barely miss the ball python.
The ball python is moderately wounded.
You kill the ball python!
Found a dagger.
Enter note:
Enter note:
Enter note:
Enter note: You see here a +0 dagger.
There is a stone staircase leading down here.
An orc priest comes into view. It is wielding a +0 flail.
The orc priest shouts!
An orc comes into view. It is wielding a +0 mace.
3558 ||| Stepping ~*~*~tactically~*~*~ (hiding).
You start waiting.
An orc priest is nearby!
The orc shouts!
The orc priest calls down the wrath of Beogh upon you.
Beogh smites you!
The orc priest invokes the aid of Beogh against you.
Pain shoots through your body!
You closely miss the orc priest.
The orc priest hits you with a +0 flail.
You block the orc priest's attack. The orc hits you with a +0 mace.
You hit the orc priest. You freeze the orc priest.
The orc priest is moderately wounded.
You barely miss the orc. The orc hits you with a +0 mace!
The orc priest hits you with a +0 flail.
You slash the orc priest!
The orc priest seems to grow stronger.
The orc priest is almost dead.
You closely miss the orc. The orc hits you but does no damage.
You block the orc priest's attack.
The orc priest calls down the wrath of Beogh upon you.
Beogh smites you!
You die...

# ##..#.#.##..####.#..#.##.##.. #
##.#...##.## #.#..#.##.##.. #
#.#.#....#####.#..#.##.##..
#.#.#.##....##.#..#.##.##..
#....>...##.##.#..#.##.....
###.####.##.##.#..#.#####.# #.#
#..#.##.#..#.# #.#
#.####..#.##.#..#.# #.#
#.#.....@o......#.# #.#
#.#######o##.#.##.# #.#
#.................# #.#
#################.##.#.########.#
................................
.>....###########.##.#.#########
#####.# #............# ....#.#
##.#####.#.### ##.##.#
#.#.....#.#


You could see an orc priest (strong) and an orc.

Vanquished Creatures
  A scorpion (D:4)
  A hound (D:4)
  7 adders
  4 gnolls
  2 worms (D:2)
  3 dart slugs
  2 orcs
  4 ball pythons
  7 endoplasms
  7 giant cockroaches
  5 goblins
  10 hobgoblins
  4 jackals
  4 quokkas
  7 bats
  4 frilled lizards
  11 kobolds
  7 rats
90 creatures vanquished.

Notes
Turn   | Place    | Note
-------+----------+-------------------------------------------
     0 | D:1      | qw the Gargoyle Fighter began the quest for the Orb.
     0 | D:1      | Reached XP level 1. HP: 14/14 MP: 1/1
     0 | D:1      | 0 ||| qw: Version: 0.2-a-10-g37ed214
     0 | D:1      | 0 ||| qw: Game counter: 729
     0 | D:1      | 0 ||| qw: Always use a shield: true
     0 | D:1      | 0 ||| qw: God list: Okawaru
     0 | D:1      | 0 ||| qw: Allow faded altars: false
     0 | D:1      | 0 ||| qw: Do Orc after D:15 true
     0 | D:1      | 0 ||| qw: Do second Lair branch before Depths: true
     0 | D:1      | 0 ||| qw: Lair rune preference: random
     0 | D:1      | 0 ||| qw: Plans: Normal, Zot:1-4, God:TSO, Crypt, Tomb,
                  | Pan, Slime:5, Hells, Abyss, Orb
     0 | D:1      | 0 ||| PLANNING D:1-11
   301 | D:1      | Reached XP level 2. HP: 18/19 MP: 2/2
   869 | D:1      | Reached skill level 3 in Axes
  1079 | D:1      | Reached XP level 3. HP: 23/23 MP: 3/3
  1092 | D:1      | 1092 ||| READING 2 scrolls labelled APRETO TEUHO.
  1093 | D:1      | 1093 ||| READING scroll labelled VUMADI KAPE.
  1094 | D:1      | 1094 ||| READING scroll labelled LALEAM ZUEHOEZ.
  1376 | D:2      | Found a faded altar of an unknown god.
  1382 | D:2      | 1382 ||| Stepping ~*~*~tactically~*~*~ (stealth).
  1397 | D:2      | Reached XP level 4. HP: 20/28 MP: 4/4
  1461 | D:2      | 1461 ||| FLEEEEING.
  1462 | D:2      | 1462 ||| FLEEEEING.
  1463 | D:2      | 1463 ||| FLEEEEING.
  1464 | D:2      | 1464 ||| FLEEEEING.
  1465 | D:2      | 1465 ||| FLEEEEING.
  1466 | D:2      | 1466 ||| FLEEEEING.
  1467 | D:2      | 1467 ||| FLEEEEING.
  1468 | D:2      | 1468 ||| FLEEEEING.
  1469 | D:2      | 1469 ||| STAIRDANCE
  1515 | D:1      | 1515 ||| READING scroll labelled ENIDUO ELEJ.
  1519 | D:1      | 1519 ||| DRINKING 2 sapphire potions.
  1520 | D:1      | 1520 ||| DRINKING 2 lumpy white potions.
  1521 | D:1      | 1521 ||| DROPPING potion of invisibility.
  1583 | D:2      | 1583 ||| Stepping ~*~*~tactically~*~*~ (stealth).
  1621 | D:2      | 1621 ||| Stepping ~*~*~tactically~*~*~ (stealth).
  1772 | D:2      | 1772 ||| Stepping ~*~*~tactically~*~*~ (stealth).
  2066 | D:2      | 2066 ||| READING scroll labelled NIUF UK FOI.
  2067 | D:2      | 2067 ||| READING scroll labelled ISMIEN POLUAS.
  2068 | D:2      | 2068 ||| READING scroll labelled FIUSSE ZAWEITS.
  2086 | D:3      | 2086 ||| STAIRDANCE
  2157 | D:3      | Reached XP level 5. HP: 28/32 MP: 5/5
  2272 | D:3      | 2272 ||| Stepping ~*~*~tactically~*~*~ (stealth).
  2273 | D:3      | 2273 ||| Stepping ~*~*~tactically~*~*~ (stealth).
  2380 | D:3      | Found a broken altar of Ashenzari.
  2603 | D:3      | 2603 ||| UPGRADING to +0 helmet.
  2608 | D:3      | 2608 ||| UPGRADING to +0 tower shield.
  2618 | D:3      | 2618 ||| DROPPING +0 buckler.
  2619 | D:3      | 2619 ||| READING scroll labelled BIF OSCHIAM XOM.
  2620 | D:3      | 2620 ||| DRINKING 2 bubbling coppery potions.
  2621 | D:3      | 2621 ||| READING 4 scrolls of identify.
  2621 | D:3      | 2621 ||| IDENTIFYING white potion
  2622 | D:3      | 2622 ||| READING 3 scrolls of identify.
  2622 | D:3      | 2622 ||| IDENTIFYING grey potion
  2623 | D:3      | 2623 ||| READING 2 scrolls of identify.
  2623 | D:3      | 2623 ||| IDENTIFYING murky purple potion
  2624 | D:3      | 2624 ||| DROPPING potion of flight.
  2625 | D:3      | 2625 ||| DROPPING potion of brilliance.
  2626 | D:3      | 2626 ||| DROPPING potion of degeneration.
  2766 | D:4      | Found a large runed translucent door.
  2767 | D:4      | Found a large runed translucent door.
  2786 | D:4      | 2786 ||| Stepping ~*~*~tactically~*~*~ (stealth).
  2981 | D:4      | 2981 ||| Stepping ~*~*~tactically~*~*~ (stealth).
  2999 | D:4      | Reached skill level 4 in Shields
  3150 | D:4      | HP: 7/32 [something (4)]
  3152 | D:4      | Reached XP level 6. HP: 8/37 MP: 6/6
  3154 | D:4      | HP: 3/37 [gnoll/+0 spear (2)]
  3437 | D:4      | 3437 ||| DROPPING +0 whip.
  3477 | D:4      | Reached skill level 5 in Shields
  3481 | D:4      | 3481 ||| Stepping ~*~*~tactically~*~*~ (stealth).
  3558 | D:4      | 3558 ||| Stepping ~*~*~tactically~*~*~ (hiding).
  3563 | D:4      | HP: 7/37 [orc priest/+0 flail (4)]
  3564 | D:4      | Killed from afar by an orc priest

Levels and vault maps discovered:
D:1:      evilmike_arrival_crescent, layout_basic
D:2:      minmay_inner_zag, layout_rooms, basic_ecumenical_altar
D:3:      minmay_wonky_spiral, layout_rooms, mainiacjoe_overflow_alcove_1,
          nicolae_concentric_dashed_squares_mild
D:4:      layout_basic, jmf_multi_god_temple2, mainiacjoe_overflow_alcove_4,
          serial_park_tiny_2, uniq_sigmund

Skill      XL: |  1  2  3  4  5  6 |
---------------+-------------------+-----
Axes           | 2 3 4 |  4.9
Shields        | 4 5 |  5.1
Fighting       | |  3.2
Armour         | |  3.2

Action                   |  1- 3 |  4- 6 || total
-------------------------+-------+-------++-------
Melee: War axe           |   102 |   156 ||   258
Throw: Boomerang         |       |    46 ||    46
  Use: Scroll            |     3 |     8 ||    11
       Potion            |       |     3 ||     3
 Stab: Paralysed         |       |     1 ||     1
Armor: Scale mail        |    53 |    94 ||   147
Dodge: Dodged            |    50 |    65 ||   115
Block: Buckler           |    13 |    20 ||    33
       Tower shield      |       |    39 ||    39

Table legend:
 A = Non-vault XP
 B = Vault XP
 C = Vault XP percentage of total XP
 D = Non-vault monster count
 E = Vault monster count
 F = Vault count percentage of total count
                 A         B        C        D         E       F
            +---------+---------+-------+---------+---------+-------
      Total |     373 |      52 |  12.2 |      80 |      10 |  11.1
            +---------+---------+-------+---------+---------+-------
        D:1 |      35 |       0 |   0.0 |      21 |       0 |   0.0
        D:2 |      77 |      20 |  20.6 |      25 |       5 |  16.7
        D:3 |      53 |      32 |  37.6 |      17 |       5 |  22.7
        D:4 |     208 |       0 |   0.0 |      17 |       0 |   0.0
            +---------+---------+-------+---------+---------+-------
